Map: Ulrena

Players

Mamba

  • Race: Zerg Zerg
  • League: Gold

capac - Winner!

  • Race: Terran Terran
  • League: Gold

VOD

Have the link to the VOD?

Description

Time

  • Played on: March 8, 2016, 1:34 p.m.
  • Length: 14:04
Show
View Real Time Build Order
Export as new Build Order

Mamba Zerg 

Build Orders: Hatch First, Lurkers 

Get SALT Encoding   

  12  0:01  Drone  
  13  0:09  Drone  
  14  0:17  Overlord  
  14  0:25  Extractor, Drone  
  15  0:37  Drone x2  
  17  1:00  Hatchery  
  17  1:01  Drone x2  
  18  1:14  Extractor  
  18  1:16  Spawning Pool  
  16  1:20  Drone  
  16  1:23  Drone  
  18  1:27  Drone  
  19  1:41  Overlord  
  19  2:03  Queen, Zergling x4  
  23  2:12  Queen  
  23  2:14  Zergling x4  
  27  2:40  Drone x4  
  31  2:47  Roach Warren  
  29  3:01  Zergling x2  
  29  3:02  Zergling x6  
  32  3:18  Overlord  
  32  3:29  Overlord, Roach  
  32  3:30  Overlord  
  32  3:31  Hatchery  
  33  3:52  Pneumatized Carapace  
  33  3:54  Lair  
  33  4:01  Metabolic Boost  
  33  4:06  Roach x2  
  33  4:08  Drone x3  
  40  4:25  Drone  
  40  4:26  Drone x4  
  45  4:41  Roach  
  45  4:42  Drone x4  
  45  4:43  Roach  
  53  4:45  Overlord  
  53  5:01  Extractor, Drone x2  
  53  5:02  Drone  
  55  5:13  Drone  
  56  5:14  Drone x8  
  56  5:19  Extractor  
  56  5:21  Extractor  
  62  5:44  Hydralisk Den  
  61  5:50  Drone x4  
  61  5:51  Overlord x2  
  61  5:52  Overlord x2  
  65  6:14  Spore Crawler  
  65  6:18  Spore Crawler  
  63  6:21  Hydralisk  
  63  6:22  Hydralisk x8  
  81  6:40  Drone x7  
  88  7:01  Overlord x3  
  88  7:07  Queen, Evolution Chamber  
  89  7:09  Evolution Chamber  
  88  7:17  Lurker Den  
  88  7:21  Hydralisk  
  88  7:22  Hydralisk x6  
  102  7:24  Overlord  
  100  7:44  Hydralisk  
  100  7:45  Hydralisk x5  
  91  8:00  Zergling x2  
  91  8:01  Zergling x20  
  100  8:06  Hydralisk  
  100  8:07  Hydralisk  
  104  8:22  Zergling x2  
  104  8:23  Zergling x4  
  107  8:27  Overlord x2  
  107  8:30  Roach x2  
  107  8:31  Roach  
  107  8:32  Overlord x2  
  113  8:43  Lurker  
  111  8:53  Lurker x5  
  111  8:54  Lurker  
  117  8:57  Roach  
  117  8:58  Roach  
  117  8:59  Zergling x16  
  129  9:04  Extractor  
  129  9:06  Extractor  
  127  9:27  Drone  
  127  9:28  Drone x14  
  142  9:49  Hatchery  
  141  10:05  Hydralisk x2  
  141  10:06  Hydralisk x2  
  145  10:08  Overlord x2  
  142  10:16  Hydralisk  
  142  10:18  Overlord x2  
  142  10:19  Overlord  
  144  10:26  Zerg Missile Weapons Level 1  
  144  10:27  Zerg Ground Armor Level 1  
  144  10:32  Baneling Nest, Hydralisk x2  
  144  10:33  Hydralisk x4  
  144  10:35  Hydralisk  
  155  10:38  Overlord  
  157  10:53  Zergling x2  
  157  10:54  Zergling x20  
  168  10:59  Hydralisk  
  170  11:14  Hydralisk  
  170  11:15  Hydralisk x5  
  171  11:37  Hydralisk  
  171  11:38  Hydralisk x8  
  181  11:58  Baneling x4  
  181  11:59  Baneling x18  
  181  12:02  Roach  
  181  12:03  Roach x3  
  177  12:33  Hydralisk  
  177  12:34  Hydralisk x6  
  160  13:20  Lurker  
  160  13:21  Lurker x2  
Show
View Real Time Build Order
Export as new Build Order

capac Terran - Winner!

Build Orders:  

Get SALT Encoding   

  12  0:01  SCV  
  13  0:13  SCV  
  14  0:19  Supply Depot  
  14  0:25  SCV  
  15  0:40  SCV  
  15  0:42  Barracks  
  16  0:47  Refinery  
  16  0:52  SCV  
  17  1:07  SCV  
  18  1:20  SCV  
  19  1:35  Command Center  
  19  1:36  Barracks Reactor  
  19  1:37  SCV  
  20  1:49  SCV  
  21  2:07  Orbital Command  
  21  2:13  Marine x2  
  23  2:33  Supply Depot  
  23  2:35  Marine  
  23  2:37  Marine  
  23  2:44  SCV  
  25  2:53  Factory  
  25  2:54  Barracks  
  24  2:59  SCV  
  24  3:00  Marine x2  
  27  3:08  SCV  
  28  3:15  Bunker, Orbital Command  
  28  3:21  Marine x2  
  30  3:32  SCV  
  31  3:41  Marine x2  
  31  3:44  SCV  
  31  3:47  SCV  
  31  3:48  Factory Tech Lab  
  35  3:51  Starport  
  35  3:56  Barracks Tech Lab, SCV  
  35  4:01  Refinery  
  36  4:04  Marine x2  
  38  4:13  Supply Depot  
  38  4:15  SCV  
  39  4:17  SCV  
  39  4:20  Marine  
  41  4:26  Siege Tank  
  44  4:38  Marine x2  
  46  4:39  SCV x2  
  48  4:47  Supply Depot, Starport Reactor  
  48  4:51  SCV x2  
  48  4:52  Supply Depot  
  50  4:55  Refinery  
  50  4:56  Marine x2  
  50  4:57  Marine  
  53  5:01  Siege Tank  
  56  5:09  SCV  
  56  5:10  SCV  
  56  5:11  Supply Depot  
  58  5:18  Barracks  
  58  5:19  Stimpack  
  58  5:36  Viking  
  60  5:43  Medivac  
  60  5:45  Marine  
  60  5:46  Marine x2  
  60  5:47  SCV x2  
  67  5:51  Barracks  
  67  5:54  Engineering Bay  
  67  5:59  SCV x2  
  69  6:07  Supply Depot  
  69  6:19  Marine x3  
  69  6:22  Barracks Reactor  
  72  6:26  Siege Tank  
  72  6:27  Medivac  
  72  6:32  Supply Depot, Medivac  
  77  6:38  SCV x2  
  81  6:46  Barracks Reactor  
  81  6:53  Command Center  
  81  7:02  Marine  
  81  7:03  Marine x4  
  81  7:06  Siege Tank  
  89  7:20  Marine  
  89  7:21  Marine x2  
  89  7:22  Medivac x2  
  96  7:27  Supply Depot  
  91  7:47  Marine x5  
  91  7:48  Marine x2  
  96  8:01  Liberator x2  
  96  8:05  Marine x3  
  99  8:08  Marine x4  
  99  8:10  SCV x2  
  105  8:18  Siege Tank  
  114  8:20  Supply Depot  
  114  8:22  Supply Depot, Marine  
  114  8:23  Engineering Bay, Marine x2  
  114  8:26  Marine  
  116  8:59  Liberator  
  116  9:00  Marine x6  
  116  9:01  Marine  
  123  9:12  Supply Depot x2  
  123  9:13  Terran Infantry Weapons Level 1, Terran Infantry Armor Level 1  
  123  9:15  Armory  
  126  9:17  Marine  
  126  9:18  Marine x5  
  126  9:22  Orbital Command  
  122  9:47  Marine x4  
  122  9:48  Marine x3  
  129  9:56  SCV x3  
  132  10:05  Liberator x2  
  132  10:14  SCV  
  132  10:15  SCV x2  
  132  10:17  Marine  
  132  10:18  Marine x6  
  142  10:22  Supply Depot  
  142  10:23  Siege Tank  
  142  10:26  SCV  
  142  10:27  SCV x2  
  154  10:35  Marine  
  154  10:36  Supply Depot  
  154  10:37  Marine  
  154  10:38  Marine  
  157  10:43  Marine x4  
  157  10:47  Starport, Terran Ship Weapons Level 1  
  161  10:50  Liberator x2  
  161  10:53  Marine  
  168  11:11  Supply Depot  
  168  11:14  Supply Depot  
  168  11:20  Refinery  
  156  11:36  Liberator  
  156  11:37  Liberator  
  162  11:57  SCV  
  162  11:58  SCV x2  
  165  12:22  Liberator  
  165  12:23  Liberator  
  165  12:37  Marine x2  
  165  12:38  Marine x4  
Tags
 
Composition
Lurkers
League
GoldGold
Matchup
TvZ
Add a new tag
Caveats
  • Supply blocks, unpowered buildings, or Contaminate may cause inaccurate times.
  • Supply counts are checked every 10 seconds.